 Dungeon Crawl Stone Soup version 0.28.0-53-g5a82cb258f (webtiles) character file.

Game seed: 2248243660681041981

2095 Sin92 the Cleaver (level 9, -1/78 HPs)
             Began as a Minotaur Fighter on June 7, 2022.
             Was a Priest of Okawaru.
             Slain by Maggie
             ... wielding a +0 morningstar of flaming
              (10 damage)
             ... on level 6 of the Dungeon.
             The game lasted 00:09:20 (4232 turns).

Sin92 the Cleaver (Minotaur Fighter)                Turns: 4232, Time: 00:09:21

Health: -1/78      AC: 13    Str: 20    XL:     9   Next: 7%
Magic:  10/10      EV: 10    Int:  5    God:    Okawaru [***...]
Gold:   158        SH: 10    Dex: 15    Spells: 8/8 levels left

rFire   . . .      SeeInvis .   a - +0 war axe
rCold   . . .      Faith    .   j - +0 kite shield
rNeg    . . .      Spirit   .   b - +0 scale mail
rPois   .          Reflect  .   (helmet restricted)
rElec   .          Harm     .   k - +0 cloak
rCorr   .          Rampage  .   h - +0 pair of gloves
Will    .....                   i - +2 pair of boots
Stlth   ..........              (no amulet)
HPRegen 0.23/turn               m - ring of flight
MPRegen 0.12/turn               (no ring)

@: flying, mesmerised
A: horns 2, retaliatory headbutt
a: Renounce Religion, Heroism


You were on level 6 of the Dungeon.
You worshipped Okawaru.
Okawaru was most pleased with you.
You visited 1 branch of the dungeon, and saw 6 of its levels.

You collected 158 gold pieces.

Inventory:

Hand Weapons
 a - a +0 war axe (weapon)
 n - a +1 whip of electrocution
Armour
 b - a +0 scale mail (worn)
 c - a +0 buckler
 h - a +0 pair of gloves (worn)
 i - a +2 pair of boots (worn)
 j - a +0 kite shield (worn)
 k - a +0 cloak (worn)
Jewellery
 m - a ring of flight (left hand)
Scrolls
 e - a scroll of blinking
 g - a scroll of teleportation
Potions
 d - a potion of ambrosia
 f - a potion of attraction
 l - a potion of resistance


   Skills:
 + Level 6.5 Fighting
 * Level 8.1 Axes
 + Level 6.5 Armour
 + Level 4.8 Dodging
 + Level 6.5 Shields
 + Level 3.8 Invocations


You had 8 spell levels left.
You didn't know any spells.
Your spell library was empty.

Dungeon Overview and Level Annotations

Branches:
Dungeon (6/15)
 Temple: D:4-7

Altars:
Okawaru
Trog
Uskayaw
Wu Jian

Shops:
D:5 [

Annotations:
D:6 Maggie


Innate Abilities, Weirdness & Mutations

You have a pair of horns on your head.
You reflexively headbutt those who attack you in melee.


Message History

Maggie burns you.
You closely miss Maggie.
Maggie is lightly wounded.
You slash the centaur skeleton!
The centaur skeleton hits you but does no damage.
The centaur skeleton kicks you but does no damage.
Maggie gestures at you while chanting. The bolt of fire hits you!
* * * LOW HITPOINT WARNING * * *
The centaur skeleton hits you but does no damage.
The centaur skeleton kicks you.
* * * LOW HITPOINT WARNING * * *
You slash Maggie!
Maggie is moderately wounded.
You slash the centaur skeleton!
You destroy the centaur skeleton!
Okawaru accepts your kill. You block Maggie's attack.
Maggie hits you but does no damage.
You hit Maggie but do no damage. Your headbutt misses Maggie.
Maggie is moderately wounded.
You block Maggie's attack.
Unknown command.
You closely miss Maggie. Your headbutt misses Maggie.
Maggie is moderately wounded.
Maggie closely misses you.
Unknown command.
You closely miss Maggie.
Maggie is moderately wounded.
Maggie hits you with a +0 morningstar of flaming!
* * * LOW HITPOINT WARNING * * *
Maggie burns you.
* * * LOW HITPOINT WARNING * * *
Unknown command.
You hit Maggie but do no damage. You headbutt Maggie!
Maggie is heavily wounded.
Maggie casts a spell.
Maggie draws you further into her thrall.
Maggie says, "How do the people who live here stand the isolation?"
Maggie hits you with a +0 morningstar of flaming!
You die...

## ...# #.. ## ...#
...# #.##...
....##.....
..........#
..........###
..?....@....#####
...../.@........#
................#..
....(....##.....#..
.........##........
...................
...................
...................
...................
.......<...........


You could see Maggie (mesmerising, strong).

Vanquished Creatures
  Pikel (D:5)
  4 yaks (D:5)
  A black bear (D:5)
  3 ogres
  3 lemures (D:5)
  A scorpion (D:5)
  A howler monkey (D:5)
  4 hounds
  A bullfrog skeleton (D:5)
  A bullfrog zombie (D:5)
  A centaur skeleton (D:6)
  2 orc priests (D:4)
  An iguana (D:4)
  Natasha (twice) (D:2)
  An orc wizard (D:4)
  A hound skeleton (D:4)
  4 adders
  A shadow imp (D:6)
  3 white imps (D:5)
  An adder zombie (D:5)
  3 worms
  2 dart slugs (D:1)
  7 orcs
  3 endoplasms
  6 giant cockroaches
  5 goblins
  3 hobgoblins
  14 kobolds
  3 quokkas
  A ball python (D:2)
  5 bats
  6 frilled lizards
  5 rats
  A spectral goblin (D:1)
  A bush (D:3)
102 creatures vanquished.

Vanquished Creatures (others)
  Sigmund (D:5)
  10 plants (D:3)
11 creatures vanquished.

Grand Total: 113 creatures vanquished

Notes
Turn   | Place    | Note
-------+----------+-------------------------------------------
     0 | D:1      | Sin92 the Minotaur Fighter began the quest for the Orb.
     0 | D:1      | Reached XP level 1. HP: 19/19 MP: 0/0
   119 | D:1      | Found a faded altar of an unknown god.
   196 | D:1      | Reached XP level 2. HP: 26/27 MP: 1/1
   356 | D:1      | Reached skill level 3 in Axes
   630 | D:1      | Reached skill level 1 in Dodging
   775 | D:2      | Reached XP level 3. HP: 20/33 MP: 2/2
   948 | D:2      | Noticed Natasha
   955 | D:2      | Killed Natasha
  1037 | D:2      | Reached XP level 4. HP: 40/40 MP: 3/3
  1432 | D:2      | Noticed Natasha
  1438 | D:2      | Killed Natasha
  1439 | D:2      | Reached skill level 4 in Axes
  1601 | D:3      | Found an ornate altar of the Wu Jian Council.
  1602 | D:3      | Found an iron altar of Okawaru.
  1603 | D:3      | Found a bloodstained altar of Trog.
  1639 | D:3      | Became a worshipper of Warmaster Okawaru
  1961 | D:3      | Noticed a +0 hand axe
  1962 | D:3      | Noticed a +0 hand axe
  1963 | D:3      | Found a hide-covered altar of Uskayaw.
  2233 | D:3      | Reached XP level 5. HP: 40/46 MP: 4/4
  2460 | D:4      | Noticed an ogre
  2482 | D:4      | Killed an ogre
  2483 | D:4      | Reached skill level 1 in Invocations
  2483 | D:4      | Reached XP level 6. HP: 30/53 MP: 5/5
  2485 | D:4      | Reached * piety under Okawaru
  2487 | D:4      | Reached skill level 5 in Axes
  3044 | D:5      | Entered Level 5 of the Dungeon
  3056 | D:5      | Reached skill level 5 in Shields
  3243 | D:5      | Reached XP level 7. HP: 59/60 MP: 7/7
  3277 | D:5      | Reached skill level 5 in Fighting
  3277 | D:5      | Reached skill level 5 in Armour
  3340 | D:5      | Noticed a yak
  3340 | D:5      | Noticed a yak
  3340 | D:5      | Noticed a yak
  3342 | D:5      | Noticed a yak
  3365 | D:5      | Killed a yak
  3365 | D:5      | Reached ** piety under Okawaru
  3366 | D:5      | Reached skill level 6 in Axes
  3371 | D:5      | Killed a yak
  3378 | D:5      | Killed a yak
  3379 | D:5      | Reached XP level 8. HP: 23/70 MP: 7/9
  3575 | D:5      | Reached skill level 7 in Axes
  3584 | D:5      | Noticed Sigmund
  3593 | D:5      | Killed Sigmund
  4090 | D:5      | Noticed Pikel
  4099 | D:5      | Killed Pikel
  4099 | D:5      | Reached *** piety under Okawaru
  4100 | D:5      | Reached skill level 8 in Axes
  4100 | D:5      | Reached XP level 9. HP: 77/78 MP: 10/10
  4105 | D:5      | Found Teodosio's Dragon-Slaying Spoils.
  4218 | D:6      | Noticed Maggie
  4232 | D:6      | Slain by Maggie

Illustrated notes

Levels and vault maps discovered:
D:1:      ebering_trefoil_3fold, layout_loops_cross,
          dreamdust_ecumenical_altar_drowned_temple, minivault_25,
          grunt_decor_clamped
D:2:      layout_loops_cross, mrwooster_statue_mirror, minmay_misc_feat_rows,
          uniq_natasha
D:3:      layout_loops_ring, dancing_weapons_uskayaw,
          chequers_temple_overflow_statue_of_worship, minmay_misc_feat_x,
          lexackson_kobold_supper
D:4:      layout_rooms
D:5:      layout_loops_cross, nicolae_shop_dragon_depot, uniq_pikel,
          uniq_sigmund
D:6:      layout_cave_pools, temple_hall, kennysheep_small_circle, uniq_maggie

Skill      XL: |  1  2  3  4  5  6  7  8 |
---------------+-------------------------+-----
Axes           | 3 4 5 6 8 |  8.1
Dodging        | 1 2 3 4 |  4.8
Armour         | 4 5 6 |  6.5
Fighting       | 4 5 6 |  6.5
Shields        | 4 5 6 |  6.5
Invocations    | 1 2 3 |  3.8

Action                   |  1- 3 |  4- 6 |  7- 9 || total
-------------------------+-------+-------+-------++-------
Melee: War axe           |    64 |   153 |   112 ||   329
       Headbutt          |     7 |    32 |    35 ||    74
  Use: Scroll            |       |     6 |     1 ||     7
       Potion            |       |     1 |     4 ||     5
Armor: Scale mail        |    23 |    50 |    56 ||   129
Dodge: Dodged            |    35 |    70 |    59 ||   164
Block: Buckler           |    19 |    26 |    14 ||    59
       Kite shield       |       |       |    30 ||    30
